 Dungeon Crawl Stone Soup version 0.25.0-11-g1f837a76a1 (webtiles) character file.

Game seed: 14818725708009941191

17075 Medar the Spear-Bearer (level 12, -5/92 HPs)
             Began as a Centaur Wanderer on June 23, 2020.
             Was an Elder of Ru.
             Slain by a harpy (13 damage)
             ... summoned by Kirke
             ... on level 11 of the Dungeon on June 25, 2020.
             The game lasted 01:07:29 (24298 turns).

Medar the Spear-Bearer (Centaur Wanderer)          Turns: 24298, Time: 01:07:29

Health: -5/92      AC:  0    Str: 18    XL:     12   Next: 15%
Magic:  12/12      EV: 13    Int: 12    God:    Ru [****..]
Gold:   952        SH:  0    Dex: 10    Spells: 11/11 levels left

rFire    . . .     SeeInvis .     - Unarmed
rCold    . . .     Gourm    .   (shield currently unavailable)
rNeg     . . .     Faith    .   (armour currently unavailable)
rPois    .         Spirit   .   (helmet currently unavailable)
rElec    .         Reflect  .   (cloak currently unavailable)
rCorr    .         Harm     .   (gloves currently unavailable)
MR       .....                  (no barding)
Stlth    +.........             I - amulet of the acrobat
HPRegen  0.25/turn              (ring currently unavailable)
MPRegen  0.13/turn              (ring currently unavailable)

@: exhausted, about to teleport, pig-form, lightly drained, very quick
A: small, inability to use devices, unskilled 1
a: Draw Out Power, Power Leap, Renounce Religion


You were on level 11 of the Dungeon.
You worshipped Ru.
Ru was greatly pleased with you.
You were not hungry.
You were a filthy swine.
You visited 3 branches of the dungeon, and saw 16 of its levels.

You collected 952 gold pieces.

Inventory:

Hand Weapons
 a - a +4 spear of freezing (melded)
 b - a +0 shortbow
 e - a +0 dire flail
 f - a +0 bardiche
 m - a +2 broad axe of draining
 v - a +0 glaive
Missiles
 k - 281 arrows
 n - 47 poisoned darts (quivered)
 K - a throwing net {=f =F}
Armour
 o - +0 fire dragon scales (melded)
 p - a +1 centaur barding (melded)
 C - a +0 kite shield
 D - a +0 cloak (melded)
Jewellery
 l - a ring of ice (melded)
 H - a +4 ring of protection (melded)
 I - an amulet of the acrobat (around neck)
 P - an uncursed ring of fire
Scrolls
 d - a scroll of enchant weapon
 h - 2 scrolls of vulnerability {unknown}
 i - 3 scrolls of remove curse {@r1}
 j - 2 scrolls of immolation {unknown}
 q - 2 scrolls of random uselessness {unknown}
 s - 3 scrolls of blinking
 t - a scroll of enchant armour {unknown}
 u - a scroll of fear {unknown}
 x - 3 scrolls of fog {unknown}
 y - a scroll of noise {unknown}
 z - a scroll of torment {unknown}
 B - a scroll of teleportation
 G - 4 scrolls of magic mapping {unknown}
 R - 2 scrolls of amnesia {unknown}
Potions
 c - 3 potions of lignification
 r - a potion of cancellation
 w - a potion of stabbing
 A - 2 potions of brilliance
 E - a potion of flight
 F - 5 potions of curing {@q1}
 J - a potion of heal wounds
 L - a potion of degeneration {unknown}
 M - a potion of might
Comestibles
 g - 18 rations
 N - 3 chunks of flesh


   Skills:
 - Level 4.7(4.4) Fighting
 + Level 13.2(12.7) Polearms
 - Level 9.5(9.1) Bows
 - Level 3.6(3.2) Armour
 - Level 0.8(0.5) Dodging
 - Level 1.0(0.7) Stealth
 - Level 2.6(2.3) Unarmed Combat
   Level 1.5(1.2) Conjurations
   Level 0.8(0.5) Charms


You had 11 spell levels left.
You didn't know any spells.
Your spell library contained the following spells:

 Spells                   Type           Power        Failure   Level  Hunger
 Magic Dart               Conj           #...         21%         1    ##.....
 Animate Skeleton         Necr           N/A          32%         1    ##.....
 Apportation              Tloc           #.....       32%         1    ##.....
 Corona                   Hex            #......      32%         1    ##.....
 Summon Small Mammal      Summ           #...         32%         1    ##.....
 Blink                    Tloc           N/A          45%         2    ###....
 Call Imp                 Summ           #.......     45%         2    ###....
 Slow                     Hex            #.......     45%         2    ###....
 Conjure Flame            Conj/Fire      #.......     61%         3    ####...
 Mephitic Cloud           Conj/Pois/Air  #.......     65%         3    ####...
 Inner Flame              Hex/Fire       #.......     69%         3    ####...
 Portal Projectile        Hex/Tloc       #.....       69%         3    ####...
 Cause Fear               Hex            #.........   97%         4    #####..
 Leda's Liquefaction      Hex/Erth       #.........   97%         4    #####..


Dungeon Overview and Level Annotations

Branches:
Dungeon (12/15)            Temple (1/1) D:7            Lair (3/6) D:10
  Snake (0/4) Lair:3          Orc (0/2) D:11
  Swamp: Lair:2-4    Shoals: Lair:2-4

Altars:
Ashenzari
Cheibriados
Dithmenos
Elyvilon
Fedhas
Gozag
Hepliaklqana
Kikubaaqudgha
Makhleb
Nemelex Xobeh
Okawaru
Qazlal
Ru
Sif Muna
Trog
Uskayaw
Vehumet
Wu Jian
Xom
Yredelemnul
Zin
The Shining One

Shops:
D:8 =   D:11 [%

Annotations:
D:6 Sigmund
D:11 Kirke
Lair:3 Gastronok


Innate Abilities, Weirdness & Mutations

((You have hooves in place of feet.))
((Armour fits poorly on your strangely shaped body.))
((You cover ground very quickly.))
((You have extremely tough skin. (AC +3)))
You cannot study or use magical devices.
You are somewhat unskilled. (-1 Apt)


Message History

Okay, then.
The harpy is stunned by your will and fails to attack.
The harpy closely misses you. The harpy misses you. The harpy claws you! x2
* * * LOW HITPOINT WARNING * * *
As you read the scroll of teleportation, it crumbles to dust.
You feel strangely unstable.
The harpy screeches!
The harpy claws you!!
* * * LOW HITPOINT WARNING * * *
The harpy closely misses you. The harpy barely misses you. The harpy claws you!
* * * LOW HITPOINT WARNING * * *
You are restored by drawing out deep reserves of power within.
You feel drained.
The harpy screeches!
The harpy claws you!
* * * LOW HITPOINT WARNING * * *
The harpy closely misses you. x2; The harpy claws you!
* * * LOW HITPOINT WARNING * * *
The harpy claws you!
You die...

..#.#............................
..'##..################'#########
##...#............>...^..........
.#................÷...........)..
.#...'..........@................
.#...............................
##...#.##'###.####...##...##....#
..'##..#....#.####...##...##....#
..#.#..#.##.#.@Hh....##...(......
..###..'....#..H.....##..........
.#...#.#....###.#################
...#...###....#.##...............
.....### #.#..#..#..#............
.....# #....'..#..#..#.........
##########....####...............
.##..............#######.........
..#............>.'.........∩.....


You could see Kirke and 2 harpies.

Vanquished Creatures
  Erolcha (D:9)
  A two-headed ogre (D:10)
  An unseen horror (D:11)
  An ugly thing (D:10)
  2 black mambas
  A manticore (D:12)
  Psyche (D:9)
  2 spiny frogs (Lair:2)
  Maggie (D:8)
  A polar bear (Lair:2)
  3 trolls
  2 hornets
  A queen bee (D:9)
  5 hippogriffs
  A meliai zombie (D:11)
  A wyvern (D:11)
  5 yaks (D:9)
  2 hungry ghosts
  2 hogs
  Grum (D:9)
  Duvessa (D:6)
  A water moccasin (Lair:1)
  3 porcupines (Lair:2)
  2 sky beasts
  5 orc warriors
  An ice beast (D:5)
  A necrophage (D:9)
  5 ogres
  3 phantoms
  An eye of draining (D:10)
  5 wolves (D:9)
  8 centaurs
  3 crocodiles
  A big kobold (D:3)
  11 bullfrogs
  A gnoll sergeant (D:7)
  Dowan (D:6)
  4 scorpions
  20 killer bees
  5 wights
  2 electric eels (D:10)
  5 crimson imps
  A bullfrog zombie (D:8)
  A centaur zombie (D:8)
  2 centaur skeletons
  4 orc priests
  6 jellies
  8 orc wizards
  8 hounds
  6 iguanas
  5 worker ants
  2 hell rats (Lair:3)
  Ijyb (D:5)
  A killer bee zombie (D:10)
  2 hound zombies (D:11)
  2 hound skeletons
  14 adders
  8 gnolls
  A howler monkey skeleton (D:4)
  4 shadow imps
  6 oozes
  3 adder zombies
  2 adder skeletons
  5 worms
  2 dart slugs (D:1)
  3 leopard geckos
  40 orcs
  A ball python (D:5)
  3 giant cockroaches
  5 goblins
  6 hobgoblins
  19 jackals
  2 quokkas
  4 bats
  5 frilled lizards
  A jackal skeleton (D:7)
  15 kobolds
  2 leopard gecko skeletons
  A leopard gecko zombie (D:5)
  8 rats
333 creatures vanquished.

Vanquished Creatures (others)
  A two-headed ogre (D:9)
  Maurice (D:8)
  A black mamba (Lair:2)
  A spiny frog (Lair:1)
  A wyvern (Lair:2)
  A water moccasin (Lair:2)
  An ogre (D:11)
  7 fungi
  A plant (Lair:3)
15 creatures vanquished.

Grand Total: 348 creatures vanquished

Notes
Turn   | Place    | Note
-------+----------+-------------------------------------------
     0 | D:1      | Medar the Centaur Wanderer began the quest for the Orb.
     0 | D:1      | Medar set off with the following items: a +0 club, a potion
                  | of curing {@q1}, a potion of lignification, a +0 robe, a
                  | wand of flame (15), a +0 dagger, a ration
     0 | D:1      | Reached XP level 1. HP: 14/14 MP: 1/1
   114 | D:1      | Reached skill level 1 in Fighting
   383 | D:1      | Reached XP level 2. HP: 22/24 MP: 2/2
  1048 | D:2      | Reached XP level 3. HP: 20/30 MP: 3/3
  2127 | D:3      | Reached skill level 1 in Armour
  2396 | D:3      | Reached XP level 4. HP: 35/38 MP: 4/4
  2485 | D:3      | Noticed a big kobold
  2519 | D:3      | Killed a big kobold
  2519 | D:3      | Reached XP level 5. HP: 46/46 MP: 5/5
  3234 | D:4      | Reached skill level 5 in Fighting
  3268 | D:4      | Noticed an ogre
  3277 | D:4      | Killed an ogre
  3277 | D:4      | Reached XP level 6. HP: 32/56 MP: 6/6
  4083 | D:5      | Entered Level 5 of the Dungeon
  4135 | D:5      | Reached XP level 7. HP: 61/61 MP: 7/7
  4229 | D:5      | Noticed Ijyb
  4235 | D:5      | Paralysed by Ijyb for 3 turns
  4245 | D:5      | Paralysed by Ijyb for 2 turns
  4247 | D:5      | Killed Ijyb
  5284 | D:6      | Noticed Dowan
  5284 | D:6      | Noticed Duvessa
  5320 | D:6      | Killed Duvessa
  5320 | D:6      | Reached skill level 2 in Polearms
  5320 | D:6      | Reached XP level 8. HP: 52/68 MP: 11/11
  5325 | D:6      | Killed Dowan
  5424 | D:6      | Noticed Sigmund
  5655 | D:6      | Reached skill level 3 in Polearms
  5829 | D:6      | Reached skill level 4 in Polearms
  6014 | D:6      | Found an iron altar of Okawaru.
  6692 | D:7      | Reached skill level 5 in Polearms
  6852 | D:7      | Reached skill level 1 in Bows
  6971 | D:7      | Found a staircase to the Ecumenical Temple.
  6995 | Temple   | Entered the Ecumenical Temple
  7155 | Temple   | Became a worshipper of Ru the Awakened
  7364 | D:7      | Reached skill level 6 in Polearms
  8051 | D:8      | Found Wieront's Jewellery Shoppe.
  8088 | D:8      | Noticed a hornet
  8093 | D:8      | Killed a hornet
  8093 | D:8      | Reached XP level 9. HP: 74/74 MP: 12/12
  8323 | D:8      | Reached skill level 7 in Polearms
  8461 | D:8      | Noticed Maurice
  8895 | D:7      | Reached skill level 5 in Bows
  9444 | D:8      | Noticed Maggie
  9467 | D:8      | Killed Maggie
  9467 | D:8      | Reached skill level 8 in Polearms
  9755 | D:8      | Gained mutation: You are somewhat unskilled. (-1 Apt) [Ru
                  | sacrifice]
  9755 | D:8      | Reduced skill Polearms to level 7
  9755 | D:8      | Reached * piety under Ru
  9755 | D:8      | Reached ** piety under Ru
  9922 | D:8      | Killed Maurice
  9922 | D:8      | Reached skill level 8 in Polearms
 10859 | D:8      | Found an iron altar of Okawaru.
 10902 | D:9      | Noticed Erolcha
 11019 | D:10     | Entered Level 10 of the Dungeon
 11086 | D:10     | Noticed a white ugly thing
 11113 | D:10     | Killed a white ugly thing
 11113 | D:10     | Reached XP level 10. HP: 43/80 MP: 12/12
 11575 | D:10     | Reached skill level 9 in Polearms
 12085 | D:10     | Found a staircase to the Lair.
 12338 | D:10     | Got a tattered robe
 12429 | D:10     | Paralysed by a hornet for 1 turns
 12794 | D:10     | Noticed a two-headed ogre
 12887 | D:10     | Killed a two-headed ogre
 13708 | Lair:1   | Entered Level 1 of the Lair of Beasts
 13718 | Lair:1   | Reached skill level 10 in Polearms
 13852 | Lair:1   | Gained mutation: You cannot study or use magical devices.
                  | [Ru sacrifice]
 13852 | Lair:1   | Reached *** piety under Ru
 13852 | Lair:1   | Reached **** piety under Ru
 14233 | Lair:1   | Noticed a spiny frog
 14286 | Lair:1   | Killed a spiny frog
 14614 | Lair:1   | Noticed a black mamba
 14637 | Lair:1   | Killed a black mamba
 15456 | Lair:2   | Reached XP level 11. HP: 59/85 MP: 11/11
 16329 | Lair:2   | Noticed a four-headed hydra
 16708 | Lair:2   | Reached skill level 11 in Polearms
 17284 | Lair:2   | You fall into a shaft and drop 1 floor!
 17314 | Lair:3   | Found a staircase to the Snake Pit.
 17675 | Lair:3   | Noticed Gastronok
 18078 | D:11     | Noticed a brown ugly thing
 18082 | D:11     | Noticed a white ugly thing
 18557 | D:10     | Upgraded the game from 0.25.0-10-g039870ee82 to
                  | 0.25.0-11-g1f837a76a1
 19168 | D:11     | Found a staircase to the Orcish Mines.
 19168 | D:11     | Found Xuewnen's Armour Boutique.
 19379 | D:11     | Noticed an unseen horror
 19385 | D:11     | Killed an unseen horror
 20038 | D:9      | Noticed Psyche
 20040 | D:9      | Killed Psyche
 20147 | D:9      | Killed Erolcha
 20466 | D:9      | Reached skill level 12 in Polearms
 21541 | D:9      | Noticed Grum
 21597 | D:9      | Killed Grum
 22846 | D:9      | Noticed a two-headed ogre
 22858 | D:9      | Killed a two-headed ogre
 22858 | D:9      | Reached XP level 12. HP: 76/92 MP: 6/12
 23178 | D:11     | Reached skill level 13 in Polearms
 23280 | D:11     | Found Wizxuz's Food Boutique.
 23872 | D:12     | Noticed Kirke
 24297 | D:11     | HP: 2/92 [harpy[Kirke] (7)]
 24298 | D:11     | Slain by a harpy

Illustrated notes

Levels and vault maps discovered:
D:1:      lightli_arrival_flooded_house, layout_rooms
D:2:      wander_river, layout_basic, first_ration
D:3:      cheibrodos_thug_alley, layout_basic, roderic_lattice_a,
          chequers_serial_rivers_micro_b
D:4:      layout_loops_cross
D:5:      layout_rooms, uniq_ijyb
D:6:      layout_cave_pods, minmay_statues_item, chequers_serial_rivers_marsh,
          okawaru_gym_becter, uniq_sigmund, uniq_duvessa
D:7:      layout_loops_cross, minmay_temple_entry_statues
D:8:      layout_cave_pools, nicolae_overflow_crystal_walls, serial_shops,
          nicolae_shop_stone, hangedman_little_slice_of_home,
          minmay_misc_feat_more_columns, uniq_maurice, uniq_maggie
D:9:      layout_stronghold, minivault_7, uniq_grum, uniq_psyche, uniq_erolcha
D:10:     layout_long_grid, erik_lair_island
D:11:     layout_stronghold, orc_david_3, serial_shops, shop,
          minmay_fractal_squares_diagonal_5
D:12:     layout_roguey, uniq_kirke
Temple:   minmay_crystal_snake_temple
Lair:1:   layout_layer_cave, st_stairs_6
Lair:2:   layout_regular_city, elwin_shoals_entry_rooms, grunt_megastairs_3,
          lemuel_fruit_fields, infiniplex_staircase_pool, lemuel_fruit_tree
Lair:3:   layout_roguey, dummy_snake_entry, uniq_gastronok

Skill      XL: |  1  2  3  4  5  6  7  8  9 10 11 12 |
---------------+-------------------------------------+-----
Fighting       | 1 2 3 5 4 |  4.7
Armour         | 1 2 3 4 3 |  3.6
Evocations     | 4 3 0 |  0.0
Polearms       | 2 6 8 10 12 13 | 13.2
Bows           | 3 6 8 9 |  9.5
Dodging        | 0 |  0.8
Unarmed Combat | 2 |  2.6
Charms         | 0 |  0.8
Stealth        | |  1.0
Conjurations   | |  1.5

Action                   |  1- 3 |  4- 6 |  7- 9 | 10-12 || total
-------------------------+-------+-------+-------+-------++-------
Melee: Dagger            |   128 |       |       |       ||   128
       Club              |    14 |     7 |       |       ||    21
       Kick              |    28 |    45 |    92 |   137 ||   302
       Punch             |     2 |     2 |     1 |     4 ||     9
       Short sword       |     6 |   149 |       |       ||   155
       Mace              |       |    28 |       |       ||    28
       Flail             |       |    27 |       |       ||    27
       Rapier            |       |     6 |    89 |       ||    95
       Bardiche          |       |       |   324 |     4 ||   328
       Broad axe         |       |       |    74 |   417 ||   491
       Spear             |       |       |       |   339 ||   339
       Dire flail        |       |       |       |     6 ||     6
       Unarmed           |       |       |       |     9 ||     9
 Fire: Shortbow          |       |       |    42 |   192 ||   234
Throw: Throwing net      |       |       |       |     1 ||     1
Invok: Sacrifice Skill   |       |       |     1 |       ||     1
       Sacrifice Artific |       |       |       |     1 ||     1
       Power Leap        |       |       |       |     5 ||     5
       Draw Out Power    |       |       |       |     5 ||     5
       Reject Sacrifices |       |       |       |     1 ||     1
Evoke: Wand              |       |     5 |     5 |     5 ||    15
  Use: Scroll            |     3 |     2 |     2 |     8 ||    15
       Potion            |       |       |     1 |     8 ||     9
 Stab: Paralysed         |       |       |     4 |     9 ||    13
       Invisible         |       |       |     1 |     8 ||     9
       Distracted        |       |       |       |     1 ||     1
  Eat: Chunk             |     3 |     6 |    13 |    22 ||    44
       Ration            |       |       |     2 |     7 ||     9
Armor: Leather armour    |    15 |       |       |       ||    15
       Robe              |     3 |       |       |       ||     3
       Fire dragon scale |    81 |   146 |   459 |   580 ||  1266
       Skin              |       |       |     2 |       ||     2
Dodge: Dodged            |    48 |    47 |   135 |   193 ||   423
